Map: Deathaura LE

Players

MCanning

  • Race: Protoss Protoss
  • Spawn Location: 5:00

Scarlett - Winner!

  • Race: Zerg Zerg
  • Spawn Location: 11:00

Event: DreamHack SC2 Masters 2020 Fall

VOD

Have the link to the VOD?

Description

Time

  • Played on: Sept. 3, 2020, 3:54 p.m.
  • Length: 9:38

All games in this series

Show
View Real Time Build Order
Export as new Build Order

MCanning Protoss 

Build Orders: 1 Gate Expand, Oracle Opening, Phoenix Opening, Carriers 

Get SALT Encoding   

  12  0:00  Probe  
  13  0:12  Probe  
  14  0:17  Pylon  
  14  0:24  Probe  
  15  0:36  Gateway, Probe (Chrono Boost)  
  16  0:47  Assimilator, Probe (Chrono Boost)  
  17  0:52  Probe (Chrono Boost)  
  18  1:03  Probe  
  19  1:15  Probe  
  20  1:22  Unknown  
  20  1:23  Unknown  
  20  1:24  Unknown  
  20  1:26  Nexus  
  20  1:27  Probe  
  21  1:36  Cybernetics Core  
  21  1:39  Probe  
  22  1:46  Pylon  
  22  1:51  Probe  
  23  1:54  Assimilator  
  23  2:00  Unknown  
  23  2:04  Probe  
  24  2:09  Unknown  
  24  2:11  Adept (Chrono Boost)  
  26  2:16  Probe  
  26  2:17  Unknown  
  27  2:25  Stargate  
  27  2:29  Probe (Chrono Boost)  
  28  2:33  Stalker (Chrono Boost)  
  30  2:39  Probe (Chrono Boost)  
  30  2:42  Warp Gate  
  32  2:46  Probe (Chrono Boost)  
  32  2:48  Probe (Chrono Boost)  
  33  2:53  Probe x2 (Chrono Boost)  
  35  3:05  Probe x2  
  37  3:09  Phoenix (Chrono Boost)  
  39  3:14  Gateway  
  39  3:17  Probe x2  
  41  3:25  Pylon  
  41  3:27  Oracle (Chrono Boost)  
  41  3:29  Probe x2  
  46  3:35  Assimilator  
  46  3:37  Assimilator  
  46  3:43  Probe x2  
  46  3:44  Pylon  
  48  3:49  Pylon  
  48  3:55  Probe x2  
  50  3:56  Oracle (Chrono Boost)  
  53  4:07  Probe (Chrono Boost)  
  53  4:08  Probe (Chrono Boost)  
  55  4:19  Probe (Chrono Boost)  
  55  4:23  Nexus  
  57  4:25  Probe (Chrono Boost)  
  57  4:26  Pylon  
  57  4:27  Probe (Chrono Boost)  
  58  4:31  Probe  
  59  4:38  Fleet Beacon  
  59  4:41  Stargate, Probe  
  59  4:43  Probe  
  61  4:52  Adept  
  63  4:53  Probe  
  63  4:54  Adept  
  63  4:55  Probe  
  67  5:00  Protoss Air Weapons Level 1  
  67  5:05  Probe  
  67  5:06  Pylon  
  68  5:07  Probe  
  69  5:17  Probe  
  69  5:20  Adept, Probe  
  73  5:29  Probe  
  73  5:30  Carrier (Chrono Boost)  
  73  5:32  Probe  
  81  5:39  Carrier (Chrono Boost)  
  81  5:42  Probe  
  88  5:43  Probe  
  88  5:44  Probe  
  90  5:50  Stalker  
  90  5:54  Probe  
  90  5:55  Probe  
  90  5:56  Assimilator, Shield Battery, Probe  
  95  5:58  Assimilator  
  95  6:01  Stalker  
  97  6:06  Probe  
  97  6:07  Probe  
  97  6:08  Probe  
  100  6:18  Probe  
  101  6:19  Stargate  
  101  6:24  Forge  
  101  6:25  Pylon  
  101  6:27  Pylon  
  101  6:29  Gateway x2  
  101  6:35  Shield Battery  
  101  6:40  Carrier (Chrono Boost)  
  101  6:43  Probe x2  
  101  6:45  Probe  
  116  6:47  Carrier (Chrono Boost)  
  114  6:55  Probe x2, Pylon  
  114  6:59  Photon Cannon  
  114  7:00  Photon Cannon  
  114  7:03  Shield Battery  
  114  7:07  Pylon  
  114  7:08  Pylon  
  114  7:21  Carrier (Chrono Boost)  
  114  7:23  Nexus  
  114  7:26  Pylon  
  120  7:33  Probe  
  127  7:38  Probe  
  127  7:41  Carrier (Chrono Boost)  
  127  7:43  Robotics Facility, Probe  
  129  7:50  Shield Battery  
  127  7:52  Zealot x3  
  127  7:53  Shield Battery  
  133  8:04  Carrier (Chrono Boost)  
  125  8:12  Stalker x2  
  131  8:13  Stalker  
  131  8:19  Carrier (Chrono Boost)  
  138  8:27  Cybernetics Core  
  138  8:28  Cybernetics Core  
  138  8:32  Zealot  
  140  8:45  Observer  
  137  8:51  Pylon  
  137  8:54  Pylon  
  137  8:56  Pylon  
  141  9:12  Probe  
  142  9:19  Zealot x2  
  142  9:20  Probe  
Show
View Real Time Build Order
Export as new Build Order

Scarlett Zerg - Winner!

Build Orders: Hatch First 

Get SALT Encoding   

  12  0:00  Drone  
  13  0:12  Overlord  
  13  0:16  Drone  
  14  0:30  Drone x2  
  16  0:46  Hatchery  
  15  0:50  Drone  
  15  0:54  Drone  
  17  0:57  Drone  
  18  1:08  Extractor  
  17  1:12  Spawning Pool  
  17  1:15  Drone  
  17  1:23  Drone  
  17  1:25  Unknown x3  
  18  1:28  Drone  
  19  1:39  Drone  
  20  1:50  Drone  
  21  1:58  Unknown  
  21  1:59  Queen, Unknown  
  21  2:00  Queen, Zergling x2  
  21  2:01  Overlord  
  26  2:09  Drone  
  26  2:10  Drone  
  26  2:14  Unknown  
  28  2:16  Metabolic Boost  
  28  2:20  Drone  
  29  2:30  Hatchery  
  29  2:35  Drone  
  29  2:37  Drone x2  
  31  2:45  Overlord  
  31  2:48  Drone  
  31  2:51  Queen  
  32  2:53  Zergling x2  
  32  2:56  Drone  
  36  3:07  Drone x2  
  36  3:08  Drone  
  36  3:09  Drone x2  
  41  3:12  Queen  
  41  3:15  Overlord  
  43  3:24  Overlord  
  43  3:31  Overlord  
  43  3:33  Queen  
  45  3:36  Drone x2  
  45  3:39  Overlord  
  47  3:41  Queen  
  47  3:42  Drone  
  47  3:44  Drone  
  47  3:46  Drone  
  47  3:47  Drone  
  53  3:51  Spore Crawler  
  52  3:55  Drone  
  52  3:56  Drone x2  
  52  4:00  Drone  
  56  4:05  Drone x5  
  61  4:10  Drone  
  61  4:13  Lair  
  61  4:14  Drone  
  63  4:17  Drone  
  63  4:18  Drone  
  63  4:22  Extractor  
  63  4:24  Extractor, Zergling x6, Spore Crawler  
  66  4:28  Drone x2  
  67  4:33  Overlord  
  67  4:35  Drone x2  
  67  4:36  Drone  
  67  4:38  Drone  
  71  4:40  Drone, Extractor  
  71  4:42  Drone  
  72  4:46  Drone x2  
  72  4:48  Overlord  
  72  4:51  Overlord  
  72  4:52  Extractor  
  73  4:53  Extractor  
  73  4:54  Drone x4  
  73  4:57  Drone  
  77  5:01  Drone  
  77  5:05  Drone x4  
  82  5:09  Evolution Chamber  
  82  5:12  Drone x2, Hydralisk Den  
  82  5:18  Drone x4  
  86  5:25  Drone  
  86  5:27  Overlord  
  86  5:28  Overlord x3  
  87  5:30  Overseer  
  87  5:35  Zergling x4, Zerg Missile Weapons Level 1  
  89  5:45  Hydralisk  
  89  5:46  Hydralisk x6  
  89  5:48  Grooved Spines  
  103  5:56  Hatchery  
  102  5:58  Overlord  
  102  6:04  Hydralisk  
  102  6:05  Hydralisk x3  
  102  6:10  Overlord  
  102  6:11  Overlord x2  
  111  6:20  Hatchery  
  111  6:25  Overlord  
  110  6:26  Hydralisk  
  110  6:27  Hydralisk x4, Lurker Den  
  119  6:36  Overlord  
  119  6:37  Overlord  
  119  6:38  Overlord  
  119  6:39  Overseer  
  119  6:40  Hydralisk x3  
  119  6:45  Drone x3  
  128  6:53  Drone x5  
  130  6:57  Drone x7  
  137  7:07  Extractor  
  136  7:11  Extractor  
  136  7:12  Hydralisk x4, Muscular Augments  
  136  7:13  Spore Crawler  
  142  7:18  Hydralisk x2  
  146  7:24  Drone  
  146  7:25  Drone x2  
  146  7:29  Drone  
  149  7:31  Hydralisk x6  
  160  7:52  Hydralisk x7, Infestation Pit  
  172  8:04  Hydralisk x8  
  176  8:14  Hydralisk  
  176  8:15  Hydralisk x2  
  176  8:16  Overlord x2  
  182  8:27  Overlord x2  
  182  8:34  Hydralisk x7  
  168  8:42  Drone x5  
  168  8:47  Zergling x12  
  173  9:01  Spire  
  168  9:06  Hydralisk  
  168  9:07  Hydralisk x3  
  168  9:09  Hatchery  
  169  9:20  Drone  
  179  9:36  Evolution Chamber  

Tags
 
Add a new tag
Caveats
  • Supply blocks, unpowered buildings, or Contaminate may cause inaccurate times.
  • Supply counts are checked every 10 seconds.